 Dungeon Crawl Stone Soup version 0.19-a0-252-g247cc30 (console) character file.

256 gracz the Shield-Bearer (level 6, -5/39 HPs)
             Began as a Gargoyle Fighter on May 25, 2016.
             Killed by divine providence
             ... invoked by an orc priest
              (9 damage)
             ... on level 4 of the Dungeon.
             The game lasted 00:06:17 (2325 turns).

gracz the Shield-Bearer (Gargoyle Fighter)          Turns: 2325, Time: 00:06:18

Health: -5/39      AC: 11    Str: 21    XL:     6   Next: 15%
Magic:  6/6        EV:  7    Int:  9    God:
Gold:   198        SH:  9    Dex:  9    Spells: 0 memorised, 5 levels left

rFire  . . .     SeeInvis .     a - +0 flail
rCold  . . .     Gourm    .     b - +0 scale mail
rNeg   + . .     Faith    .     c - +0 shield
rPois  ∞         Spirit   .     (no helmet)
rElec  +         Dismiss  .     (no cloak)
rCorr  .         Reflect  .     (no gloves)
SustAt .         Harm     .     (no boots)
MR     .....                    (no amulet)
Stlth  ..........               (no ring)
                                (no ring)

@: not resistant to hostile enchantments, extremely unstealthy
A: negative energy resistance 1, electricity resistance, unbreathing,
petrification resistance, rot immunity, AC +4
a: no special abilities


You were on level 4 of the Dungeon.
You were not hungry.

You visited 1 branch of the dungeon, and saw 4 of its levels.

You collected 198 gold pieces.

Inventory:

Hand Weapons
 a - a +0 flail (weapon)
 s - a +1 antimagic whip
Armour
 b - a +0 scale mail (worn)
 c - a +0 shield (worn)
 l - a +0 pair of boots
Jewellery
 k - a cursed -5 ring of protection {unknown}
Wands
 p - a wand of disintegration (10/24)
 q - a wand of iceblast (8/15)
 z - a wand of paralysis (14/24)
Scrolls
 g - 2 scrolls of immolation {unknown}
 h - 3 scrolls of remove curse {unknown}
 m - a scroll of enchant armour {unknown}
 n - 3 scrolls of identify {unknown}
 o - a scroll of magic mapping {unknown}
 t - a scroll of teleportation {unknown}
 u - a scroll of fear {unknown}
 x - a scroll of blinking {unknown}
Potions
 d - a potion of might
 e - 3 potions of curing {unknown}
 i - a potion of brilliance {unknown}
 j - a potion of heal wounds {unknown}
Books
 y - a Grand Grimoire

   Spells                             Type                      Level
   a - Monstrous Menagerie            Summoning                    7
   b - Summon Greater Demon           Summoning                    7
   c - Malign Gateway                 Summoning/Translocation      7
   d - Summon Horrible Things         Summoning                    8
Comestibles
 f - 4 bread rations
 r - a meat ration
 v - 4 fruits
 w - a chunk of flesh


   Skills:
 + Level 4.4 Fighting
 + Level 3.1 Maces & Flails
 + Level 4.7 Armour
 - Level 0.5 Dodging
 + Level 4.8 Shields


You had 5 spell levels left.
You didn't know any spells.

Dungeon Overview and Level Annotations

Branches:
Dungeon (4/15)
 Temple: D:4-7

Altars:
Cheibriados
Makhleb
Trog
The Shining One


Innate Abilities, Weirdness & Mutations

You are resistant to torment.
Your stone body is resilient (AC +4).
You are immune to poison.
You resist negative energy. (rN+)
You are resistant to electric shocks. (rElec)
You can survive without breathing.
You are immune to petrification.
You are immune to rotting.


Message History

Beogh smites you!
You completely miss the orc priest.
The orc priest is heavily wounded.
You block the orc's attack. The orc barely misses you.
The orc priest mumbles some strange prayers to Beogh against you.
Beogh smites you!
* * * LOW HITPOINT WARNING * * *
You block the orc's attack.
You hit the orc priest but do no damage.
The orc priest is heavily wounded.
You block the orc's attack. The orc closely misses you.
The orc priest casts a cantrip, but nothing happens.
The orc hits you but does no damage. You block the orc's attack.
You hit the orc priest but do no damage.
The orc priest is heavily wounded.
You block the orc's attack.
The orc priest invokes the aid of Beogh against you.
Beogh smites you!
You die...

#.....#
.....#
#....#
#....#
#....+
#....#
#.!.o#
#..oo#
#..o@# ...
####.## ..
#..##..
##.##.#
#..#.#
##.#.#####
#...#...#
##..#.#.#
#..#.#.#
#..#.#.#
#....#.#


You could see an orc priest and 3 orcs.

Vanquished Creatures
  2 orc wizards (D:3)
  A hound (D:3)
  Ijyb (D:2)
  5 adders
  A shadow imp (D:2)
  2 oozes (D:2)
  2 worms
  2 dart slugs (D:3)
  3 giant geckos
  4 orcs (D:3)
  8 bats
  4 giant cockroaches
  5 goblins
  5 hobgoblins
  2 jackals (D:4)
  9 kobolds
  2 quokkas
  5 giant newts
  8 rats
71 creatures vanquished.

Notes
Turn   | Place    | Note
--------------------------------------------------------------
     0 | D:1      | gracz the Gargoyle Fighter began the quest for the Orb.
     0 | D:1      | Reached XP level 1. HP: 14/14 MP: 1/1
    70 | D:1      | Reached XP level 2. HP: 14/19 MP: 2/2
   475 | D:2      | Found a glowing golden altar of the Shining One.
   625 | D:2      | Reached XP level 3. HP: 24/24 MP: 3/3
   633 | D:2      | Noticed Ijyb
   653 | D:2      | Killed Ijyb
   686 | D:2      | Reached XP level 4. HP: 21/29 MP: 4/4
   975 | D:2      | Found a burning altar of Makhleb.
  1408 | D:3      | Reached XP level 5. HP: 25/33 MP: 5/5
  1787 | D:3      | Reached XP level 6. HP: 39/39 MP: 6/6
  2273 | D:4      | Found a snail-covered altar of Cheibriados.
  2274 | D:4      | Found a bloodstained altar of Trog.
  2325 | D:4      | Killed from afar by an orc priest

Vault maps used:
D:1:      dpeg_arrival_houses_and_road
D:2:      lemuel_round_altar, makhleb_grotto_becter, uniq_iyjb
D:4:      lemuel_upstairs_altar, gammafunk_temple_overflow_statue,
          old_standard_altar, first_bread, nicolae_tso_carved_into_rock

Skill      XL: |  1  2  3  4  5 |
---------------+----------------+-----
Armour         | 4 |  4.7
Shields        | 4 |  4.8
Fighting       | 4 |  4.4
Maces & Flails | 3 |  3.1
Dodging        | |  0.5

Action                   |  1- 3 |  4- 6 || total
-------------------------+-------+-------++-------
Melee: Flail             |    73 |   226 ||   299
  Eat: Chunk             |       |     5 ||     5
Armor: Scale mail        |    53 |   153 ||   206
Dodge: Dodged            |    38 |    78 ||   116
Block: Shield            |    50 |   148 ||   198
